Unix NetHack Version 5.0.0-0 post-release - last build May  4 2026 22:22:43 (774f63e81ad911689b3a0859ea89b322d5daca8d,branch:main).

Game began 2026-05-06 23:54:20, ended 2026-05-07 01:22:04.

Brudee, neutral female gnomish Healer

             ----
       --    |..|
       |.   --..---
     ---..  |......
     |....-  .....
      .....  -...-
       |...---...|
       |....|....|
       |.........--
        -......@..-----
        --.......a....--------
        |....`...........(...-
        --............------
         |.......`..d..----
         -..........h.[...|
       |............|...).|
       |..|..|.^|..---Y@---
       ------------- ----
Brudee the Embalmer          St:14 Dx:11 Co:16 In:9 Wi:16 Ch:16  Neutral S:3486
Dlvl:8  $:468 HP:0(80) Pw:8(59) AC:0  Xp:7/779 T:6734 

Latest messages:
 You miss the housecat.
 The housecat bites!
 You hit the housecat!
 The housecat bites!
 You hit the housecat!
 The housecat bites!
 The housecat misses!
 You miss the housecat.
 The housecat bites!
 You kill the housecat!
 You hit the owlbear.
 The owlbear hits!
 The owlbear hits again!
 You hit the owlbear.
 The owlbear hits!
 The owlbear hits again!
 The owlbear grabs you!
 You miss the owlbear.
 The owlbear misses!
 The owlbear misses!
 You are being crushed.
 In what direction? .
 You feel much better.
 The owlbear hits!
 The owlbear hits again!
 You are being crushed.
 You hit the owlbear!
 The owlbear misses!
 The owlbear just misses!
 You are being crushed.
 In what direction? .
 You feel much better.
 The owlbear misses!
 The owlbear misses!
 You are being crushed.
 What do you want to use or apply? [cmwBEFMP or ?*] c
 In what direction? h
 Status of the owlbear (neutral, large):  Level 5  HP 14(26)  AC 5, holding you.
 What do you want to zap? [mMP or ?*] ?
 Nothing happens.
 The owlbear hits!
 The owlbear hits again!
 You are being crushed.
 You hit the owlbear.
 The owlbear hits!
 The owlbear misses!
 You are being crushed.
 You die...
 Do you want your possessions identified? [ynq] (y) y
 Do you want to see your attributes? [ynq] (y) q

Inventory:
 Coins    ('$')
  $ - 468 gold pieces
 Weapons  (')')
  s - a blessed +1 dart
  U - a +0 dagger (at the ready)
  t - 2 +0 knives
  O - the blessed +1 Werebane (weapon in right hand)
 Armor    ('[')
  x - a blessed +0 orcish helm
  b - an uncursed +1 pair of leather gloves (being worn)
  V - a blessed +1 pair of iron shoes (being worn)
  N - an uncursed +0 small shield (being worn)
  y - an uncursed +0 robe (being worn)
 Comestibles  ('%')
  S - an uncursed egg
 Scrolls  ('?')
  q - an uncursed scroll of enchant weapon
  I - an uncursed scroll of gold detection
  H - a blessed scroll of light
  X - an uncursed scroll of light
  Y - an uncursed scroll of remove curse
 Potions  ('!')
  T - an uncursed potion of booze
  J - an uncursed potion of confusion
  K - an uncursed potion of gain ability
  L - a cursed potion of hallucination
  Q - an uncursed potion of invisibility
  v - an uncursed potion of levitation
  e - 2 uncursed potions of object detection
  W - a blessed potion of restore ability
  Z - an uncursed potion of restore ability
  d - 2 potions of holy water
 Rings    ('=')
  G - a blessed +1 ring of gain strength (on right hand)
 Wands    ('/')
  P - a wand of digging (0:5)
  M - a wand of fire (0:0)
  m - a wand of magic missile (0:0)
 Tools    ('(')
  w - an uncursed blindfold
  E - an uncursed oil lamp
  B - an uncursed skeleton key
  c - an uncursed stethoscope
  F - a +0 unicorn horn
 Gems/Stones  ('*')
  R - an uncursed worthless piece of blue glass

Brudee the Healer's attributes:

Background:
 You were an Embalmer, a level 7 female gnomish Healer.
 You were neutral, on a mission for Hermes
 who was opposed by Athena (lawful) and Poseidon (chaotic).
 You were right-handed.
 You were in the Gnomish Mines, on level 8.
 You entered the dungeon 6734 turns ago.
 It was nighttime.
 You had 779 experience points, 501 more were needed to attain level 8.
 Your score was 3486 before end-of-game adjustments.

Basics:
 You had 0 out of 80 hit points.
 You had 8 out of 59 energy points (spell power).
 Your armor class was 0.
 Your wallet contained 468 zorkmids.
 Autopickup was on for '$"?+!=/' plus thrown.

Final Characteristics:
 Your strength was 14 (base:13, limit:18/50).
 Your dexterity was 11 (limit:18).
 Your constitution was 16 (limit:18).
 Your intelligence was 9 (limit:19).
 Your wisdom was 16 (limit:18).
 Your charisma was 16 (limit:18).

Final Status:
 You were held by an owlbear (west).
 You weren't hungry.
 You were unencumbered.
 You were wielding a saber.
 You had basic skill with saber.

Final Attributes:
 You were piously aligned.
 You were poison resistant.
 You had infravision.
 You had a small defense bonus (+2).
 You were guarded.
 Your spell casting was enhanced by wearing a robe.
 You are dead.

Miscellaneous:
 You didn't encounter any bones levels.
 Total elapsed playing time was 1 hour, 27 minutes and 42 seconds.

Major events:
 Turn
    1: Brudee the neutral female gnomish Healer entered the dungeon
 1194: entered the Gnomish Mines
 1689: attained the rank of Empiric (level 3)
 3483: reached Mine Town
 4491: was bestowed with Werebane by Hermes
 5240: attained the rank of Embalmer (level 6)
 6734: killed by an owlbear

Spells:
 Name                 Level Category     Fail Retention
 healing                1   healing        0%   61%-70%
 extra healing          3   healing        0%   61%-70%
 stone to flesh         3   healing        0%   61%-70%
 light                  1   divination     0%  76%-100%

Skills:
 Fighting Skills
   bare handed combat [Unskilled]
 Weapon Skills
   dagger             [Unskilled]
   knife              [Basic]
   short sword        [Basic]
   saber              [Basic]
   club               [Unskilled]
   mace               [Unskilled]
   quarterstaff       [Unskilled]
   polearms           [Unskilled]
   spear              [Unskilled]
   trident            [Unskilled]
   sling              [Unskilled]
   dart               [Unskilled]
   shuriken           [Unskilled]
   unicorn horn       [Unskilled]
 Spellcasting Skills
   healing spells     [Basic]

Voluntary challenges:
 Character rerolling was not enabled.
 You never genocided any monsters.
 You never polymorphed an object.
 You never changed form.
 You used no wishes.
Achievements:
 You entered the Gnomish Mines.
 You attained the rank of Empiric.
 You entered Minetown.
 You entered a temple.
 You entered a shop.
 You attained the rank of Embalmer.

 The Dungeons of Doom: levels 1 to 5
    Level 1:
       An altar to Hermes, some fountains.
    Level 2:
       A sink.
    Level 3:
       A fountain, a grave.
    Level 4:
       A fountain.
       Stairs down to The Gnomish Mines.
    Level 5:
 The Gnomish Mines: levels 5 to 8
    Level 5:
    Level 6:
    Level 7:
       Many shops, a temple and an altar, some fountains.
    Level 8: <- You were here.
       Final resting place for
          you, killed by an owlbear.


Vanquished creatures:
  a small mimic
  4 watchmen
  a leprechaun
  a giant spider
  a housecat
  2 blue jellies
  a white unicorn
 an ape
  2 human zombies
  a fire ant
  a wood nymph
  a water nymph
  2 mountain nymphs
  3 Mordor orcs
  4 rock piercers
  2 shriekers
  a gnome leader
  a kobold mummy
  a ghoul
  2 giant ants
  3 floating eyes
  4 dwarves
  2 kobold leaders
 13 hill orcs
  2 rothes
  a centipede
  a dwarf zombie
  3 werejackals
 an iguana
  3 killer bees
  2 acid blobs
  a coyote
  a gas spore
  2 hobbits
  2 large kobolds
  3 hobgoblins
  a giant rat
  5 cave spiders
  a brown mold
  a yellow mold
  a green mold
  2 red molds
  2 gnomes
  2 gnome zombies
  3 geckos
  5 jackals
  a fox
  2 kobolds
  3 goblins
  2 sewer rats
  9 grid bugs
  3 bats
  4 lichens
  2 kobold zombies
 10 newts
136 creatures vanquished.

No species were genocided or became extinct.

Game over:
                       ----------
                      /          \
                     /    REST    \
                    /      IN      \
                   /     PEACE      \
                  /                  \
                  |      Brudee      |
                  |      468 Au      |
                  |   killed by an   |
                  |     owlbear      |
                  |                  |
                  |                  |
                  |       2026       |
                 *|     *  *  *      | *
        _________)/\\_//(\/(/\)/\//\/|_)_______

Goodbye Brudee the Healer...

You died in The Gnomish Mines on dungeon level 8 with 3486 points,
and 468 pieces of gold, after 6734 moves.
You were level 7 with a maximum of 80 hit points when you died.

